 Dungeon Crawl Stone Soup version 0.25.0-1-g7eea58d2a3 (webtiles) character file.

Game seed: 2928187023954834617

146 funkygono the Covered (level 5, -2/46 HPs)
             Began as a Minotaur Fighter on June 15, 2020.
             Slain by an ogre
             ... wielding a +0 giant club
              (11 damage)
             ... on level 3 of the Dungeon.
             The game lasted 00:05:13 (2786 turns).

funkygono the Covered (Minotaur Fighter)            Turns: 2786, Time: 00:05:13

Health: -2/46      AC: 10    Str: 22    XL:     5   Next: 7%
Magic:  4/4        EV:  5    Int:  5    God:
Gold:   65         SH:  9    Dex:  9    Spells: 4/4 levels left

rFire    . . .     SeeInvis .   a - +0 flail
rCold    . . .     Gourm    .   c - +0 kite shield
rNeg     + . .     Faith    .   m - +0 chain mail
rPois    .         Spirit   .   (helmet restricted)
rElec    .         Reflect  .   (no cloak)
rCorr    .         Harm     .   (no gloves)
MR       .....                  i - +0 pair of boots
Stlth    ..........             (no amulet)
HPRegen  0.15/turn              u - ring of positive energy
MPRegen  0.09/turn              (no ring)

@: no status effects
A: retaliatory headbutt, horns 2
a: no special abilities


You were on level 3 of the Dungeon.
You were not hungry.

You visited 1 branch of the dungeon, and saw 3 of its levels.

You collected 65 gold pieces.

Inventory:

Hand Weapons
 a - a +0 flail (weapon)
 b - a +4 hunting sling
Missiles
 j - 21 arrows
 k - 118 stones (quivered)
 l - 13 sling bullets
Armour
 c - a +0 kite shield (worn)
 i - a +0 pair of boots (worn)
 m - a +0 chain mail (worn)
Jewellery
 u - a ring of positive energy (left hand)
Scrolls
 p - a scroll of fear {unknown}
 q - 2 scrolls of identify
 r - 2 scrolls of remove curse {unknown}
 t - a scroll of enchant weapon {unknown}
Potions
 d - 2 potions of might
 e - 4 potions of curing
 h - 2 potions of brilliance
 n - a potion of stabbing {unknown}
 o - a potion of heal wounds {unknown}
 s - a potion of degeneration {unknown}
Comestibles
 f - 3 rations
 g - 5 chunks of flesh


   Skills:
 + Level 4.1 Fighting
 + Level 4.0 Maces & Flails
 + Level 1.5 Slings
 + Level 4.6 Armour
 + Level 4.5 Shields


You had 4 spell levels left.
You didn't know any spells.
Your spell library was empty.

Dungeon Overview and Level Annotations

Branches:
Dungeon (3/15)

Altars:
Ru


Innate Abilities, Weirdness & Mutations

You reflexively headbutt those who attack you in melee.
You have a pair of horns on your head.


Message History

You shoot a sling bullet.
The sling bullet barely misses the ogre.
a - a +0 flail (weapon)
Your shield and chain mail prevent you from hitting the ogre.
The ogre hits you with a +0 giant club!!
Ouch! That really hurt!
You sock the ogre! Your headbutt misses the ogre.
The ogre is moderately wounded.
The ogre barely misses you.
You sock the ogre!
The ogre is heavily wounded.
The ogre hits you with a +0 giant club!!
* * * LOW HITPOINT WARNING * * *
You hit the ogre. Your headbutt misses the ogre.
The ogre is heavily wounded.
The ogre hits you with a +0 giant club.
* * * LOW HITPOINT WARNING * * *
You see here a ring mail.
You feel better. The ogre hits you with a +0 giant club!
You die...

.......................####
#. #(.........##....###### #.
#................###########.
#..(...<.....................
#.............#.....#####....
#).........#####.#..###....≈.
##........## #...........≈.
##.....[..######......##..#..
#...[......O@.......###...#≈.
#..........#####.#.......##≈≈
.............# #.##...##.....
###..........# #.#....####..≈
#..........# #......####..≈
##........## ##..###........
#........## #...# #####....
...######## #...# #.... ###
####...# ##...≈


You could see an ogre.

Vanquished Creatures
  9 adders
  2 worms
  A leopard gecko (D:2)
  An orc (D:3)
  8 bats
  6 giant cockroaches
  8 goblins
  4 hobgoblins
  A jackal (D:1)
  4 kobolds
  2 quokkas
  5 frilled lizards
  8 rats
59 creatures vanquished.

Notes
Turn   | Place    | Note
-------+----------+-------------------------------------------
     0 | D:1      | funkygono the Minotaur Fighter began the quest for the Orb.
     0 | D:1      | Reached XP level 1. HP: 19/19 MP: 0/0
   426 | D:1      | Reached XP level 2. HP: 27/27 MP: 1/1
   988 | D:2      | Reached XP level 3. HP: 29/33 MP: 2/2
  1191 | D:2      | Reached XP level 4. HP: 9/40 MP: 3/3
  1961 | D:2      | Found a sacrificial altar of Ru.
  2304 | D:3      | Reached skill level 1 in Slings
  2464 | D:3      | Found a faded altar of an unknown god.
  2535 | D:3      | Reached XP level 5. HP: 44/46 MP: 4/4
  2766 | D:3      | Noticed an ogre
  2786 | D:3      | Slain by an ogre

Illustrated notes

Levels and vault maps discovered:
D:1:      saegor_arrival_miasma, layout_rooms, serial_bayou,
          serial_bayou_pond_a, serial_bayou_lagoon_b, serial_bayou_shore_b,
          serial_bayou_crossing, minmay_unequal
D:2:      layout_basic, overflow_temple_1_default, kennysheep_generic_room_9
D:3:      layout_rooms, bloody_makhleb, chequers_ecumenical_altar_island,
          lemuel_tele_altar

Skill      XL: |  1  2  3  4 |
---------------+-------------+-----
Armour         | 4 |  4.6
Maces & Flails | 3 4 |  4.0
Fighting       | 4 |  4.1
Shields        | 4 |  4.5
Slings         | 1 |  1.5

Action                   |  1- 3 |  4- 6 || total
-------------------------+-------+-------++-------
Melee: Flail             |   113 |    50 ||   163
       Headbutt          |    12 |     4 ||    16
 Fire: Hunting sling     |       |    40 ||    40
  Use: Scroll            |     2 |       ||     2
       Potion            |       |     1 ||     1
  Eat: Chunk             |     1 |     5 ||     6
Armor: Scale mail        |     8 |       ||     8
       Chain mail        |    57 |    24 ||    81
Dodge: Dodged            |    25 |    11 ||    36
Block: Kite shield       |    61 |    25 ||    86
